 Dungeon Crawl Stone Soup version 0.25-a0-577-ga4619f409e (webtiles) character file.

Game seed: 15621970228255038843, levelgen mode: deterministic

0 Gargoyl the Skirmisher (level 1, -3/19 HPs)
             Began as a Centaur Abyssal Knight on Mar 2, 2020.
             Was a Follower of Lugonu.
             Slain by a freezing wraith (6 damage)
             ... summoned by a lich
             ... on level 1 of the Abyss.
             The game lasted 00:00:50 (101 turns).

Gargoyl the Skirmisher (Centaur Abyssal Knight)      Turns: 101, Time: 00:00:51

Health: -3/19      AC:  4    Str: 14    XL:     1   Next: 0%
Magic:  2/2        EV:  9    Int: 11    God:    Lugonu [*.....]
Gold:   9          SH:  0    Dex:  8    Spells: 0/0 levels left

rFire    . . .     SeeInvis .   a - +1 hand axe
rCold    . . .     Gourm    .   (no shield)
rNeg     . . .     Faith    .   b - +0 leather armour
rPois    .         Spirit   .   (no helmet)
rElec    .         Reflect  .   (no cloak)
rCorr    .         Harm     .   (no gloves)
MR       .....                  (no barding)
Stlth    ..........             (no amulet)
HPRegen  0.06/turn              (no ring)
MPRegen  0.08/turn              (no ring)

@: stab, very quick
A: large, hooves 3, deformed body, speed 2, tough skin 3
a: Depart the Abyss, Renounce Religion


You were on level 1 of the Abyss.
You worshipped Lugonu.
Lugonu was aware of your devotion.
You were not hungry.

You visited 0 branches of the dungeon, and saw 0 of its levels.
You visited the Abyss 1 time.

You collected 9 gold pieces.

Inventory:

Hand Weapons
 a - a +1 hand axe (weapon)
Armour
 b - a +0 leather armour (worn)
Comestibles
 c - a ration


   Skills:
 + Level 3.0 Fighting
 + Level 1.7 Axes
 + Level 1.3 Armour
 + Level 0.6 Dodging
 + Level 2.0 Invocations


You couldn't memorise any spells.
You didn't know any spells.
Your spell library was empty.

Dungeon Overview and Level Annotations

Branches:
Dungeon (0/15)

Altars:


Innate Abilities, Weirdness & Mutations

You have hooves in place of feet.
Armour fits poorly on your strangely shaped body.
You cover ground very quickly.
You have extremely tough skin. (AC +3)


Message History

The lich casts a spell at you.
You wobble for a moment.
The lich gestures at you while chanting.
You feel haunted.
You see here a scroll labeled ONINNE XOUN.
d - a scroll labeled ONINNE XOUN The freezing wraith barely misses you.
The freezing wraith closely misses you.
Unknown command.
As you read the scroll labeled ONINNE XOUN, it crumbles to dust.
You assume a fearsome visage.
The freezing wraith is unaffected.
The lich is unaffected.
The bone dragon is unaffected.
The large abomination is unaffected.
The freezing wraith is unaffected.
The phantasmal warrior is unaffected.
It was a scroll of fear.
The lich points at you and mumbles some strange words.
You wobble for a moment.
The freezing wraith hits you. The freezing wraith freezes you!
Ouch! That really hurt!
* * * LOW HITPOINT WARNING * * *
The freezing wraith hits you.
You die...

.. . ... X..## #..
#...#L......###..#
#.. ...X.#...#..
##..D. #........
#.. ###.#.. .#..
#.. #.##.##...
##.. .... ..
...L...## #. ##
.#. #....#..##
...##.# ##.#D...@#
.. #.
..#.##.WWW.≈....
#. .#
#.....#...#....#.
#
###..#...##♣....#
.# #..##.## ≈≈...
.#..#≈≈ ≈... ...#
.≈≈ #.. ..≈≈ #.


You could see a bone dragon, a lich, a large abomination, a phantasmal warrior
and 2 freezing wraiths.

Vanquished Creatures (others)
  A plant (Abyss:1)
1 creature vanquished.

Notes
Turn   | Place    | Note
-------+----------+-------------------------------------------
     0 | Abyss:1  | Gargoyl the Centaur Abyssal Knight began the quest for the
                  | Orb.
     0 | Abyss:1  | Reached XP level 1. HP: 19/19 MP: 2/2
    23 | Abyss:1  | Found a corrupted altar of Lugonu.
    49 | Abyss:1  | Found an ancient bone altar of Kikubaaqudgha.
    53 | Abyss:1  | Noticed a lich
    76 | Abyss:1  | Noticed a bone dragon
    81 | Abyss:1  | Noticed a large abomination
    99 | Abyss:1  | Noticed a freezing wraith
    99 | Abyss:1  | Noticed a freezing wraith
    99 | Abyss:1  | Noticed a phantasmal warrior
   101 | Abyss:1  | Slain by a freezing wraith

Levels and vault maps discovered:
Abyss:1:  hangedman_abyss_theft, hangedman_abyss_theft,
          serial_sigils_hangedman_shear

Action                   || total
-------------------------++-------
  Use: Scroll            ||     1
       Potion            ||     1
Dodge: Dodged            ||     2

Table legend:
 A = Non-vault XP
 B = Vault XP
 C = Vault XP percentage of total XP
 D = Non-vault monster count
 E = Vault monster count
 F = Vault count percentage of total count
                 A         B        C        D         E       F
            +---------+---------+-------+---------+---------+-------
      Total |       0 |       0 |   N/A |       0 |       0 |  -nan
            +---------+---------+-------+---------+---------+-------
            +---------+---------+-------+---------+---------+-------
